 Dungeon Crawl Stone Soup version 0.20-a0 (console) character file.

123 brucemayne the Chopper (level 4, -3/52 HPs)
             Began as a Demonspawn Berserker on Oct 27, 2016.
             Was a Follower of Trog.
             Slain by Edmund
             ... wielding a +3 flail of holy wrath
              (6 damage)
             ... on level 4 of the Dungeon.
             The game lasted 00:02:13 (595 turns).

brucemayne the Chopper (Demonspawn Berserker)        Turns: 595, Time: 00:02:14

Health: -3/52      AC:  8    Str: 22 (23) XL:     4   Next: 80%
Magic:  4/4        EV:  8    Int:  6 (8)  God:    Trog [*.....]
Gold:   103        SH:  4    Dex: 12 (13) Spells: 0 memorised, 3 levels left

rFire  . . .     SeeInvis .     a - +0 hand axe
rCold  . . .     Gourm    .     m - +0 chain mail
rNeg   . . .     Faith    .     (no shield)
rPois  .         Spirit   .     (no helmet)
rElec  .         Reflect  .     (no cloak)
rCorr  .         Harm     .     (no gloves)
MR     .....                    (no boots)
Stlth  ..........               (no amulet)
                                (no ring)
                                (no ring)

@: berserking (expiring), very quick
A: large bone plates 1, foul stench 1, rot immunity
a: Berserk, Burn Spellbooks, Renounce Religion


You were on level 4 of the Dungeon.
You worshipped Trog.
Trog was aware of your devotion.
You were very hungry.

You visited 1 branch of the dungeon, and saw 4 of its levels.

You collected 103 gold pieces.

Inventory:

Hand Weapons
 a - a +0 hand axe (weapon)
Armour
 b - a +0 animal skin
 m - a +0 chain mail (worn)
Scrolls
 d - a scroll of amnesia {unknown}
 e - a scroll of enchant weapon {unknown}
 j - a scroll of immolation {unknown}
 k - a scroll of remove curse {unknown}
 l - 2 scrolls of identify {unknown}
 n - 2 scrolls of enchant armour {unknown}
 o - a scroll of random uselessness {unknown}
Potions
 p - a potion of curing {unknown}
 q - a potion of flight {unknown}
 r - 2 potions of haste {unknown}
Comestibles
 c - a bread ration
 f - a beef jerky
 g - a meat ration
 i - 3 fruits


   Skills:
 - Level 3.0 Fighting
 + Level 5.1 Axes
 - Level 1.7 Armour
 - Level 1.7 Dodging


You had 3 spell levels left.
You didn't know any spells.

Dungeon Overview and Level Annotations

Branches:
Dungeon (4/15)
 Temple: D:4-7

Altars:
Vehumet

Annotations:
D:4 Edmund


Innate Abilities, Weirdness & Mutations

You are partially covered in large bone plates. (SH +4)
You may emit foul miasma when damaged in melee.
You are immune to rotting.


Message History

Edmund hits you with a flail of holy wrath!
You convulse!
* * * LOW HITPOINT WARNING * * *
You hit Edmund.
Edmund is lightly wounded.
You slash the jackal!
You kill the jackal!
Trog accepts your kill.
You barely miss the jackal. The jackal bites you.
* * * LOW HITPOINT WARNING * * *
The jackal looks sick.
You closely miss Edmund.
Edmund is lightly wounded.
You closely miss the jackal. You miss the adder.
The jackal bites you but does no damage.
Edmund is engulfed in dark miasma.
Edmund looks even sicker.
Edmund hits you with a flail of holy wrath.
* * * LOW HITPOINT WARNING * * *
You convulse.
You die...

....##. #......#
#......# .....#
....# #.h# ###
#hS## #<# #h@+ #.#
####@## #.####....#
#.#.....#.#
#.#.....#.#
#######.#.....#..
#.............#/#.
#.#####.#..........
# ...............


You could see Edmund, a hound, an adder and 2 jackals.

Vanquished Creatures
  An orc wizard (D:3)
  An orc priest (D:3)
  4 gnolls (D:3)
  A leopard gecko (D:1)
  4 orcs (D:3)
  A bat (D:1)
  A giant cockroach (D:3)
  A goblin (D:3)
  3 hobgoblins
  A jackal (D:4)
  2 kobolds (D:3)
  2 frilled lizards
  2 rats
24 creatures vanquished.

Notes
Turn   | Place    | Note
-------+----------+-------------------------------------------
     0 | D:1      | brucemayne the Demonspawn Berserker began the quest for the Orb.
     0 | D:1      | Reached XP level 1. HP: 18/18 MP: 1/1
    50 | D:1      | Reached skill level 3 in Axes
   180 | D:2      | Gained mutation: You are immune to rotting. [demonic ancestry]
   180 | D:2      | Reached XP level 2. HP: 23/24 MP: 2/2
   219 | D:3      | Found a radiant altar of Vehumet.
   235 | D:3      | Reached skill level 4 in Axes
   235 | D:3      | Gained mutation: You are partially covered in large bone plates. (SH +4) [demonic ancestry]
   235 | D:3      | Reached XP level 3. HP: 29/29 MP: 3/3
   240 | D:3      | Gained mutation: You may emit foul miasma when damaged in melee. [demonic ancestry]
   240 | D:3      | Reached XP level 4. HP: 33/35 MP: 4/4
   339 | D:3      | Reached skill level 5 in Axes
   551 | D:4      | Noticed Edmund
   595 | D:4      | Slain by Edmund

Vault maps used:
D:1:      kennysheep_arrival_forest
D:2:      old_standard_altar
D:3:      overflow_temple_1_default, overflow_temple_1_default, first_bread,
          minmay_distorted
D:4:      minmay_misc_feat_chi, st_stairs_5, uniq_crazy_yiuf_cottage,
          uniq_grinder, uniq_edmund

Skill      XL: |  1  2  3  4 |
---------------+-------------+-----
Axes           | 3 4 5 |  5.1
Fighting       | |  3.0
Armour         | |  1.7
Dodging        | |  1.7

Action                   |  1- 3 |  4- 6 || total
-------------------------+-------+-------++-------
Melee: Hand axe          |    39 |    64 ||   103
Invok: Berserk           |     1 |     2 ||     3
  Use: Potion            |       |     3 ||     3
  Eat: Chunk             |       |     1 ||     1
Armor: Animal skin       |     4 |       ||     4
       Chain mail        |       |    33 ||    33
Dodge: Dodged            |    19 |    33 ||    52
Block: Other             |       |    16 ||    16
